 Dungeon Crawl Stone Soup version 0.31-a0-1-g4198be8af4 (webtiles) character file.

Game seed: 3787433063403574024

56 cheesebisquit the Grave Robber (level 3, -3/26 HPs)
             Began as a Ghoul Necromancer on Apr 30, 2023.
             Slain by a goblin
             ... wielding a +0 club
             ... led by Robin
              (4 damage)
             ... on level 1 of the Dungeon.
             The game lasted 00:04:00 (1374 turns).

cheesebisquit the Grave Robber (Ghoul Necromancer)  Turns: 1374, Time: 00:04:00

Health: -3/26      AC:  3    Str: 11    XL:     3   Next: 97%
Magic:  0/4        EV: 12    Int: 12    God:
Gold:   96         SH:  0    Dex:  9    Spells: 4/5 levels left

rFire   . . .        (no weapon)
rCold   + . .        (no shield)
rNeg    + + +        a - +0 robe
rPois   ∞            (no helmet)
rElec   .            (no cloak)
rCorr   .            (no gloves)
SInv    .            e - +0 pair of boots
Will    .....        (no amulet)
Stlth   ++           (no ring)
HPRegen 0.00/turn    (no ring)
MPRegen 0.09/turn

%: no passive effects
@: inhibited regen
A: claws 1, cold resistance 1, negative energy resistance 3, inhibited
regeneration, torment resistance 2, devour on kill
a: no special abilities


You were on level 1 of the Dungeon.
You visited 1 branch of the dungeon, and saw 2 of its levels.

You collected 96 gold pieces.

Inventory:

Hand Weapons
 b - a +0 morningstar
Missiles
 c - 7 poisoned darts
Armour
 a - a +0 robe (worn)
 e - a +0 pair of boots (worn)
 j - a +1 chain mail of willpower
Scrolls
 d - 3 scrolls of noise {unknown}
 g - a scroll of amnesia {unknown}
 h - a scroll of magic mapping {unknown}
 i - a scroll of identify {unknown}
 k - a scroll of fear {unknown}
 l - a scroll of summoning {unknown}
 m - 3 scrolls of teleportation {unknown}
Potions
 f - a potion of heal wounds {unknown}
 n - a potion of haste {unknown}


   Skills:
 - Level 1.7 Dodging
 - Level 2.1 Stealth
 - Level 1.7 Spellcasting
 + Level 5.4 Necromancy


You had 4 spell levels left.
You knew the following spells:

 Your Spells              Type           Power      Damage    Failure   Level
a - Necrotise             Necr           56%        1d6       3%          1

Your spell library contained the following spells:

 Spells                   Type           Power      Damage    Failure   Level
 Vampiric Draining        Necr           14%        2d7       9%          3
 Sandblast                Erth           2%         2d4       28%         1
 Animate Dead             Necr           14%        N/A       30%         4
 Lesser Beckoning         Tloc           2%         N/A       38%         2
 Passwall                 Tmut/Erth      0%         N/A       38%         2
 Gell's Gravitas          Tloc           1%         N/A       63%         3
 Stone Arrow              Conj/Erth      2%         3d7       63%         3
 Teleport Other           Tloc           1%         N/A       63%         3
 Agony                    Necr           14%        N/A       63%         5


Dungeon Overview and Level Annotations

Branches:
Dungeon (2/15)

Altars:

Annotations:
D:2 Robin


Innate Abilities, Weirdness & Mutations

You are immune to poison.
You have sharp fingernails.
Your flesh is cold resistant. (rC+)
You are immune to negative energy. (rN+++)
You do not regenerate when monsters are visible.
You are immune to unholy pain and torment.
You thrive by killing the living.


Message History

The dead are walking!
The hobgoblin writhes in agony.
Robin roars a battlecry!
The hobgoblin goes into a battle-frenzy!
The hobgoblin writhes in agony.
Something hits your goblin skeleton.
A goblin comes into view. It is wielding a +0 club.
Your goblin skeleton hits Robin but does no damage. x2
You barely miss the hobgoblin.
The hobgoblin is heavily wounded.
Something hits your goblin skeleton.
Your goblin skeleton completely misses Robin.
The hobgoblin hits you.
Your goblin skeleton hits Robin but does no damage.
The hobgoblin attacks as you move away! The hobgoblin misses you.
Robin throws the goblin at you! Something hits your goblin skeleton.
The goblin hits you but does no damage. The hobgoblin attacks as you move away!
The hobgoblin hits you but does no damage.
The goblin hits you with a +0 club. Something hits your goblin skeleton.
Your goblin skeleton is destroyed!
The goblin attacks as you move away! The goblin hits you with a +0 club.
The goblin attacks as you move away! The goblin hits you but does no damage.
The goblin attacks as you move away! The goblin hits you with a +0 club.
There is a stone staircase leading up here.
The hobgoblin hits you. The goblin hits you with a +0 club.
You climb upwards.
There is a stone staircase leading down here.
The goblin hits you with a +0 club.
* * * LOW HITPOINT WARNING * * *
The hobgoblin barely misses you. The goblin attacks as you move away!
The goblin hits you with a +0 club.
* * * LOW HITPOINT WARNING * * *
Aiming: Necrotise (safe; 3% risk of failure)
Press: ? - help, Q - select action, (/) - cycle Shift-Dir - straight line, f - goblin
Aim: a goblin, wielding a +0 club (strong, chance to affect: 84%)
The goblin writhes in agony.
The goblin no longer looks unusually strong.
The hobgoblin no longer looks unusually strong.
The goblin hits you with a +0 club.
You die...

########.#......###.##.#.#
#................##.##.#.#
#.########....#........#.#
#.# #....##.##.####.# #.#
#....##......##.# #.##
#..[.###..(#.##.# ...#
#....# #...#.##.# #..#
#....###gg.#....# #..#
#......@######### #..#
####....# #..# ####...##
#..# ###......# #..#
#...#....# #..# #.<.#....#
#..#####...#.##.#
#......#####.##.# #.####.#
#......##


You could see a hobgoblin and a goblin.

Vanquished Creatures
  Terence (D:2)
  A dart slug (D:1)
  2 bats (D:1)
  An endoplasm (D:1)
  5 goblins
  3 hobgoblins
  3 quokkas
  A ball python (D:1)
  2 frilled lizards (D:2)
  3 kobolds
  4 rats
26 creatures vanquished.

Vanquished Creatures (collateral kills)
  A goblin (D:1)
1 creature vanquished.

Grand Total: 27 creatures vanquished

Notes
Turn   | Place    | Note
-------+----------+-------------------------------------------
     0 | D:1      | cheesebisquit the Ghoul Necromancer began the quest for the
                  | Orb.
     0 | D:1      | Reached XP level 1. HP: 14/14 MP: 2/2
   292 | D:1      | Reached XP level 2. HP: 20/20 MP: 0/3
   980 | D:2      | Noticed Terence
  1001 | D:2      | Killed Terence
  1002 | D:2      | Reached skill level 5 in Necromancy
  1002 | D:2      | Reached XP level 3. HP: 17/26 MP: 0/4
  1194 | D:2      | Noticed Robin
  1373 | D:1      | HP: 1/26 [goblin/+0 club[Robin] (3)]
  1374 | D:1      | Slain by a goblin

Illustrated notes

Levels and vault maps discovered:
D:1:      amcnicky_arrival_single_pillar, layout_basic
D:2:      layout_rooms, minmay_between, uniq_terence, uniq_robin

Skill      XL: |  1  2 |
---------------+-------+-----
Necromancy     | 5 |  5.4
Dodging        | |  1.7
Stealth        | |  2.1
Spellcasting   | |  1.7

Action                     || total
---------------------------++-------
  Melee: Unarmed           ||    19
   Cast: Necrotise         ||    49
    Use: Potion            ||     1
 Armour: Robe              ||     8
  Dodge: Dodged            ||    17

Table legend: (Time is in decaauts)
 A = Elapsed time spent in this place.
 B = Non-inter-level travel time spent in this place.
 C = Inter-level travel time spent in this place.
 D = Time resting spent in this place.
 E = Time spent auto-exploring this place.
 F = Levels seen in this place.
 G = Mean time per level.
                   A        B        C        D        E       F      G
               +--------+--------+--------+--------+--------+-----+--------+
         Total |   1374 |   1284 |     90 |      0 |   1053 |   2 |  687.0 |
       Dungeon |   1374 |   1284 |     90 |      0 |   1053 |   2 |  687.0 |
               +--------+--------+--------+--------+--------+-----+--------+

Top non-repeatable levels by time:
     D:1: 986 daAuts
     D:2: 388 daAuts
